 Dungeon Crawl Stone Soup version 0.29.1-2-gbd0b4ee654 (webtiles) character file.

Game seed: 5543126350708649249

51 safid the Shooter (level 3, -1/31 HPs)
             Began as a Minotaur Hunter on Nov 30, 2022.
             Slain by a kobold
             ... wielding a +2 dagger of venom
              (2 damage)
             ... on level 2 of the Dungeon.
             The game lasted 00:01:28 (1051 turns).

safid the Shooter (Minotaur Hunter)                 Turns: 1051, Time: 00:01:28

Health: -1/31      AC:  3    Str: 15    XL:     3   Next: 58%
Magic:  2/2        EV: 12    Int:  6    God:
Gold:   55         SH:  0    Dex: 15    Spells: 2/2 levels left

rFire   . . .      SeeInvis .   a - +0 shortbow
rCold   . . .      Faith    .   (shield currently unavailable)
rNeg    . . .      Spirit   .   c - +0 leather armour
rPois   .          Reflect  .   (helmet restricted)
rElec   .          Harm     .   (no cloak)
rCorr   .          Rampage  .   (no gloves)
Will    .....                   (no boots)
Stlth   ++........              (no amulet)
HPRegen 0.10/turn               (no ring)
MPRegen 0.08/turn               (no ring)

@: brilliant, lethally poisoned (-1 -> -6), flying
A: horns 2, retaliatory headbutt
a: no special abilities


You were on level 2 of the Dungeon.
You visited 1 branch of the dungeon, and saw 2 of its levels.

You collected 55 gold pieces.

Inventory:

Hand Weapons
 a - a +0 shortbow (weapon)
Armour
 c - a +0 leather armour (worn)
Scrolls
 b - a scroll of immolation
 d - 2 scrolls of identify {unknown}
 g - a scroll of magic mapping {unknown}
 h - a scroll of teleportation {unknown}
 i - a scroll of fear {unknown}


   Skills:
 + Level 3.1 Fighting
 + Level 4.8 Ranged Weapons
 + Level 2.9 Dodging
 + Level 1.6 Stealth


You had 2 spell levels left.
You didn't know any spells.
Your spell library contained the following spells:

 Spells                   Type           Power      Damage    Failure   Level
 Sandblast                Erth           0%         2d4       52%         1
 Passwall                 Tmut/Erth      0%         N/A       67%         2
 Stone Arrow              Conj/Erth      0%         3d7       88%         3


Dungeon Overview and Level Annotations

Branches:
Dungeon (2/15)

Altars:


Innate Abilities, Weirdness & Mutations

You have a pair of horns on your head.
You reflexively headbutt those who attack you in melee.


Message History

It was a potion of curing.
You feel better.
The kobold hits you with a +2 dagger of venom.
You are poisoned.
The jackal bites you but does no damage.
Unknown command.
Fire: a) +0 shortbow
Press: ? - help, Q - select action Shift-Dir - straight line, f - kobold
Aim: a kobold, wielding a +2 dagger of venom and quivering poisoned darts (55% to hit)
You shoot an arrow. The arrow barely misses the kobold.
You feel very sick. The jackal bites you.
* * * LOW HITPOINT WARNING * * *
The kobold hits you with a +2 dagger of venom.
* * * LOW HITPOINT WARNING * * *
You are more poisoned.
The jackal bites you but does no damage.
The kobold hits you with a +2 dagger of venom.
* * * LOW HITPOINT WARNING * * *
You are more poisoned.
Unknown command.
You feel better.
The jackal bites you but does no damage.
The kobold hits you with a +2 dagger of venom.
* * * LOW HITPOINT WARNING * * *
You are lethally poisoned!
The jackal closely misses you.
Unknown command.
It was a potion of flight.
You feel very buoyant.
You fly up into the air.
* * * LOW HITPOINT WARNING * * *
You feel sick. The jackal bites you.
* * * LOW HITPOINT WARNING * * *
The dart slug barely misses you. The kobold barely misses you.
It was a potion of brilliance.
You feel clever all of a sudden.
* * * LOW HITPOINT WARNING * * *
You feel sick. The jackal barely misses you.
The kobold hits you with a +2 dagger of venom.
You die...

### #.. ... #.#
#####.[ .)...# #
#.w##.# #.K@hh#
#..##.# #
#..##.##.
#.#####........#
#.......###.####
####.#### # #.#
### #.# #.. #.#
#.#


You could see a dart slug, 2 jackals and a kobold.

Vanquished Creatures
  3 ball pythons (D:1)
  7 bats (D:1)
  2 endoplasms
  2 giant cockroaches (D:1)
  4 goblins (D:1)
  3 hobgoblins
  4 jackals
  4 quokkas (D:1)
  4 frilled lizards
  7 kobolds
  4 rats (D:1)
44 creatures vanquished.

Notes
Turn   | Place    | Note
-------+----------+-------------------------------------------
     0 | D:1      | safid the Minotaur Hunter began the quest for the Orb.
     0 | D:1      | Reached XP level 1. HP: 18/18 MP: 0/0
    35 | D:1      | Reached skill level 1 in Stealth
   119 | D:1      | Reached XP level 2. HP: 25/25 MP: 1/1
   534 | D:1      | Reached XP level 3. HP: 27/31 MP: 2/2
  1051 | D:2      | HP: 1/31 [poisoned by a kobold]
  1051 | D:2      | Slain by a kobold

Illustrated notes

Levels and vault maps discovered:
D:1:      dpeg_arrival_shelter, layout_basic, minmay_circled_x
D:2:      layout_loops_ring, basic_altar, serial_shops, shop

Skill      XL: |  1  2 |
---------------+-------+-----
Stealth        | 1 |  1.6
Fighting       | 3 |  3.1
Ranged Weapons | |  4.8
Dodging        | |  2.9

Action                   || total
-------------------------++-------
 Fire: Shortbow          ||   105
  Use: Potion            ||     4
Armor: Leather armour    ||    18
Dodge: Dodged            ||    42
